 Dungeon Crawl Stone Soup version 0.18.1-48-g4cf74bf (webtiles) character file.

30 Gargoyl the Skirmisher (level 3, 21/30 HPs)
             Began as a Demonspawn Abyssal Knight on Aug 30, 2016.
             Was a Follower of Lugonu.
             Quit the game on level 2 of the Dungeon.
             The game lasted 00:01:40 (681 turns).

Gargoyl the Skirmisher (Demonspawn Abyssal Knight)   Turns: 681, Time: 00:01:41

Health: 21/30      AC:  5    Str: 13    XL:     3   Next: 5%
Magic:  4/4        EV: 11    Int: 13    God:    Lugonu [*.....]
Gold:   64         SH:  0    Dex: 12    Spells: 0 memorised, 2 levels left

rFire  . . .     SeeInvis .     a - +1 hand axe
rCold  . . .     Gourm    .     b - +0 leather armour
rNeg   . . .     Faith    .     (no shield)
rPois  .         Spirit   +     g - +0 helmet
rElec  .         Dismiss  .     l - +0 cloak
rCorr  .         Reflect  .     (no gloves)
SustAt .         Harm     .     (no boots)
MR     .....                    (no amulet)
Stlth  +.........               (no ring)
                                (no ring)

@: not resistant to hostile enchantments, very unstealthy
A: magic shield, rot immunity
a: Depart the Abyss, Renounce Religion


You were on level 2 of the Dungeon.
You worshipped Lugonu.
Lugonu was aware of your devotion.
You were not hungry.

You visited 1 branch of the dungeon, and saw 2 of its levels.
You visited the Abyss 1 time.

You collected 64 gold pieces.

Inventory:

Hand Weapons
 a - a +1 hand axe (weapon)
Armour
 b - a +0 leather armour (worn)
 g - a +0 helmet (worn)
 l - a +0 cloak (worn)
Scrolls
 d - a scroll of magic mapping {unknown}
 e - a scroll of amnesia {unknown}
 m - a scroll of noise {unknown}
 n - a scroll of identify {unknown}
 p - a scroll of teleportation {unknown}
 q - a scroll of blinking {unknown}
Potions
 f - a potion of mutation {unknown}
 h - a potion of cure mutation {unknown}
 i - a potion of curing
 j - a potion of invisibility {unknown}
 o - a potion of might {unknown}
 r - a potion of flight {unknown}
Comestibles
 c - a bread ration
 k - a royal jelly


   Skills:
 + Level 3.9 Fighting
 + Level 2.0 Axes
 * Level 1.9 Armour
 + Level 1.0 Dodging
 + Level 2.5 Invocations


You had 2 spell levels left.
You didn't know any spells.

Dungeon Overview and Level Annotations

Branches:
Dungeon (2/15)

Altars:


Innate Abilities, Weirdness & Mutations

When hurt, damage is shared between your health and your magic reserves.
You are immune to rotting.


Message History

It was a potion of curing.
You feel better. The adder misses you. The adder bites you.
You barely miss the adder.
The adder is almost dead.
The adder closely misses you.
You miss the adder.
The adder is almost dead.
The adder misses you. The adder barely misses you.
You closely miss the adder.
The adder is almost dead.
The adder bites you but does no damage.
You hit the adder.
You kill the adder!
Lugonu accepts your kill.
You have reached level 3!
Your experience leads to an increase in your attributes!
Increase (S)trength, (I)ntelligence, or (D)exterity?
You feel stronger.
Your demonic ancestry asserts itself...
You feel your magical essence form a protective shroud around your flesh.
Are you sure you want to abandon this character and quit the game? (Confirm with "yes".)

... #...... . ..$.
..>... .. .....
#..#.##..
.....##+##..#...#
#..!........#.#.#
#%...#..........##
#......<.........#
#....##+##w##.##+#
#.. #@# ... .
#....# .....
#.##[# ....... #
#.# ....... #.#
......? #.#
....... #.# #.#


You could see a worm.

Vanquished Creatures
  An adder (D:2)
  An ooze (D:1)
  3 bats (D:1)
  A giant cockroach (D:1)
  3 goblins (D:1)
  2 hobgoblins (D:1)
  A kobold (D:1)
  5 rats
17 creatures vanquished.

Notes
Turn   | Place    | Note
--------------------------------------------------------------
     0 | Abyss:1  | Gargoyl the Demonspawn Abyssal Knight began the quest for the Orb.
     0 | Abyss:1  | Reached XP level 1. HP: 18/18 MP: 2/2
    23 | Abyss:1  | Found an ancient bone altar of Kikubaaqudgha.
   189 | Abyss:2  | Noticed a neqoxec
   192 | D:1      | Escaped the Abyss
   226 | D:1      | Reached * piety under Lugonu
   380 | D:1      | Gained mutation: You are immune to rotting. [demonic ancestry]
   380 | D:1      | Reached XP level 2. HP: 24/24 MP: 3/3
   524 | D:1      | Reached skill level 1 in Dodging
   680 | D:2      | Gained mutation: When hurt, damage is shared between your health and your magic reserves. [demonic ancestry]
   680 | D:2      | Reached XP level 3. HP: 21/30 MP: 4/4
   681 | D:2      | Quit the game

Skill      XL: |  1  2 |
---------------+-------+-----
Axes           | 2 |  2.0
Dodging        | 1 |  1.0
Fighting       | |  3.9
Armour         | |  1.9
Invocations    | |  2.5

Action                   || total
-------------------------++-------
Melee: Hand axe          ||    57
Invok: Depart the Abyss  ||     1
  Use: Potion            ||     1
Armor: Leather armour    ||    17
Dodge: Dodged            ||    47
